[Event "Grand Chess Superbet Chess Classic 2023"]
[Site "Chess.com"]
[Date "2023.05.15"]
[Round "9"]
[White "Deac, Bogdan Daniel"]
[Black "Ding, Liren"]
[Result "0-1"]
[WhiteElo "2700"]
[BlackElo "2789"]
[ECO "E15"]
[EventDate "2023.??.??"]
[Annotator "rafael"]
[PlyCount "96"]
[Beauty "7083474821152"]
[EventType "simul"]
[EventRounds "2"]
[EventCountry "ROU"]
[TimeControl "5400+30"]

1.d4 Nf6 2.c4 e6 3.Nf3 b6 {The Queen's Indian Defense, for some reason, lost popularity among the elite. Some people say AlphaZero is guilty of this, but I honestly don't know why. Anyway, this game proves that the rumors about the Queen's Indian's death have been greatly exaggerated.} 4.g3 Ba6 5.Qc2 {One of the critical modern lines, and the one where we see some of the famous QID defeats.} 5...c5 {This is the principled move, otherwise 4...Ba6 makes no sense to me.} 6.d5 exd5 7.cxd5 Bb7 {The d5-pawn is lost, but White gets dangerous compensation.} 8.Bg2 ( 8.e4 Qe7 $1 {[%c_effect e7;square;e7;type;GreatFind;persistent;true] wins a pawn anyway.} ) 8...Nxd5 9.O-O Be7 10.Rd1 Nc6 11.Qf5 Nf6 12.e4 {A critical position for the theory of this line.} 12...g6 $1 ( 12...d6 {was played by Carlsen, but it leads to a dangerous position for Black.} 13.e5 Qd7 14.Qxd7+ Nxd7 15.exd6 Bf6 16.Re1+ Kf8 17.Nc3 {Black must be very careful in this endgame, and White won a brilliant game in Giri-Carlsen, Tata Steel 2023.} ) 13.Qf4 O-O 14.e5 Nh5 15.Qc4 ( 15.Qg4 {is also a popular move, but it's known that Black gets a good game after} 15...Qb8 $1 ) 15...Qc7 {Black has other options, but this is the main move. Ding spent a long time on it.} 16.Bh6 Na5 17.Qe2 Rfe8 18.Nc3 Rad8 {Both players follow the most critical path. The position is still well-known to opening theory and has been debated in many correspondence games.} 19.Nd5 ( 19.Rac1 {is probably more dangerous for Black.} ) 19...Bxd5 20.Rxd5 Ng7 21.Rad1 Ne6 22.h4 $6 {[%c_effect h4;square;h4;type;Inaccuracy;persistent;true] Finally, a new move. The somewhat mysterious} ( 22.a3 $5 {[%c_effect a3;square;a3;type;Interesting;persistent;true] is favored in correspondence games.} 22...Nc6 23.Qc4 {The main idea of 22.a3 is, I guess, to avoid Nb4. If Black now plays the natural} 23...d6 {then} 24.Bh3 $1 {[%c_effect h3;square;h3;type;GreatFind;persistent;true] is interesting, although the position is still balanced.} 24...Ncd4 25.Nxd4 cxd4 ( 25...Nxd4 $4 {[%c_effect d4;square;d4;type;Blunder;persistent;true] loses a piece to} 26.R1xd4 ) ) 22...Nc6 23.h5 $6 ( 23.Qc4 {White should probably play in a similar way to what we analyzed in the previous move.} 23...d6 ( 23...Nb4 $5 24.R5d2 d5 25.exd6 Rxd6 26.Rxd6 Bxd6 27.Ng5 {with enough compensation for equality.} ) 24.Bh3 ) 23...d6 $1 {[%c_effect d6;square;d6;type;GreatFind;persistent;true] Now Black frees his pieces, and the knight lands on d4. Something went wrong with Deac's preparation for this game since he goes on the defensive as soon as the theory is over.} ( 23...Ncd4 $2 {[%c_effect d4;square;d4;type;Mistake;persistent;true] is premature:} 24.Nxd4 Nxd4 25.Qg4 {with a strong attack.} ) 24.exd6 ( 24.Bh3 {This is no longer dangerous:} 24...Ned4 25.Nxd4 Nxd4 26.R5xd4 $5 cxd4 27.e6 Bf6 $1 28.Qf3 Qe7 {The compensation is not enough.} ) 24...Bxd6 25.Qc4 Ne7 26.R5d3 Nf5 27.Bc1 Ned4 28.Nxd4 Nxd4 {As a famous chess philosopher once said, The problem with sacrificing a pawn is that you end up a pawn down. Black has good winning chances.} 29.a4 Qd7 $1 {[%c_effect d7;square;d7;type;GreatFind;persistent;true] The queen heads to f5.} 30.Be3 ( 30.Bg5 $2 Qg4 $1 31.Bxd8 Ne2+ {and the queen on c4 is lost.} ) 30...Be5 31.hxg6 $6 {[%c_effect g6;square;g6;type;Inaccuracy;persistent;true] Opening the h-file makes things even worse, as it's going to be demonstrated by Black.} 31...hxg6 32.Kf1 ( 32.Bxd4 {White can consider going for an opposite-colored bishops position, but it should be an easy win for Black.} 32...Bxd4 ) 32...Kg7 33.a5 Qf5 34.Bc1 {A sad move to play.} 34...Rh8 ( 34...b5 $1 {[%c_effect b5;square;b5;type;GreatFind;persistent;true] wins on the spot:} 35.Qxc5 Rc8 $1 36.Qa3 ( 36.Qxa7 Qxd3+ $1 37.Rxd3 Rxc1+ 38.Rd1 Rxd1# ) 36...b4 $1 {[%c_effect b4;square;b4;type;GreatFind;persistent;true] removing the protection of d3.} 37.Qxb4 Rxc1 38.Rxc1 Qxd3+ ) 35.axb6 axb6 36.f4 Rh2 $1 37.R3d2 ( 37.Kg1 Rxg2+ {The simplest.} 38.Kxg2 Qe4+ 39.Kg1 Rh8 {with a decisive attack.} ) 37...Rdh8 38.Qd5 Bf6 39.Qxf5 Nxf5 40.Rd3 c4 41.Ra3 b5 42.g4 Rh1+ $1 43.Bxh1 Rxh1+ 44.Ke2 Nd4+ 45.Rxd4 ( 45.Kd2 Rh2+ 46.Ke1 ( 46.Ke3 Re2# ) ( 46.Kc3 Nc2+ 47.Rd4 Bxd4# ) 46...Bh4+ 47.Kf1 Rh1+ 48.Kg2 Rxd1 ) 45...Bxd4 46.Ra1 b4 47.Kf3 Re1 $1 {[%c_effect e1;square;e1;type;GreatFind;persistent;true] Preparing 48...Be3. White is paralyzed.} 48.f5 g5 {An easy win that comes as a relief to the world champion at the end of a difficult tournament.} 0-1

[Event "Grand Chess Tour: Superbet Poland Rapid & Blitz 2023"]
[Site "Chess.com"]
[Date "2023.05.21"]
[Round "1"]
[White "Wojtaszek, Radoslaw"]
[Black "Carlsen, Magnus"]
[Result "1-0"]
[WhiteElo "2670"]
[BlackElo "2853"]
[ECO "A40"]
[EventDate "2023.??.??"]
[Annotator "rafael"]
[PlyCount "75"]
[Beauty "7837510013962"]
[EventType "blitz"]
[TimeControl "1500+10"]

1.d4 b5 $6 {[%c_effect b5;square;b5;type;Inaccuracy;persistent;true] The ex-world champion is probably bored with normal openings and decided to try something spicier. Wojtaszek, however, has an exemplary opening repertoire and will punish the experiment convincingly.} 2.e4 Bb7 3.Bd3 Nf6 4.Nd2 c5 5.c3 {A good and solid way to meet Carlsen's provocative opening choice.} 5...cxd4 6.cxd4 e6 7.Ngf3 Nc6 8.O-O {White should not be distracted by the b5-pawn.} ( 8.Bxb5 $6 Qb6 {with good compensation for the pawn.} ) 8...a6 $6 ( 8...Be7 {is better, although the position is very suspicious.} ) 9.Re1 ( 9.d5 {We will see this idea in the next move of the game, and it would already be very good here.} 9...exd5 10.e5 ) 9...Be7 10.d5 $1 {[%c_effect d5;square;d5;type;GreatFind;persistent;true] A devastating advance. Black's position is already nearly lost.} 10...exd5 11.e5 Nh5 12.Nb3 {Threatening to win the knight with g2-g4.} 12...g6 13.Bh6 {Black is deprived of castling, and his h5-knight is out of the game. All of this had been played before, but I doubt either player was aware.} 13...Rg8 {The first new move.} ( 13...Bf8 {was played in Koscielski-Straeter, Germany 1996.} ) 14.Be3 $1 {[%c_effect e3;square;e3;type;GreatFind;persistent;true] The bishop has done its job, and now it returns to support a knight on c5.} 14...Ng7 15.Nc5 Qc7 16.Rc1 Ne6 17.Nxb7 Qxb7 18.Bf1 ( 18.Bb1 {The bishop is probably more useful on b1 than it is on f1.} ) 18...Bb4 19.Re2 Ne7 ( 19...d4 {The computer suggests this as a better defensive try, but the position is really sad for Black.} 20.Bxd4 Ncxd4 21.Nxd4 Rc8 ) 20.Rec2 Nf5 21.Bg5 $1 {[%c_effect g5;square;g5;type;GreatFind;persistent;true] A good move. If Black captures the bishop, the rook is ready to invade on c7.} 21...Be7 ( 21...Nxg5 22.Nxg5 {White threatens the h7-pawn and Rc7.} ) 22.Bf6 $1 {[%c_effect f6;square;f6;type;GreatFind;persistent;true] After the exchange of bishops, the pawn on f6 gives White attacking chances on the dark squares.} 22...Nfg7 23.Qd3 $6 {[%c_effect d3;square;d3;type;Inaccuracy;persistent;true] White had a wonderful winning combination.} ( 23.Ng5 $3 {[%c_effect g5;square;g5;type;Brilliant;persistent;true] The idea of the sacrifice is to get the c7-square for the rook.} 23...Nxg5 ( 23...Bxf6 24.exf6 Nxg5 {Now comes a nice winning move:} 25.Qxd5 $1 Qxd5 26.Rc8+ Rxc8 27.Rxc8# {A delightful checkmate.} ) 24.Rc7 Qb8 25.Qxd5 Qd8 26.Qxa8 $1 Qxa8 27.Rc8+ Qxc8 28.Rxc8+ Bd8 29.Rxd8# ) 23...Bxf6 $6 ( 23...Nh5 {is more stubborn.} ) 24.exf6 Nh5 25.Qc3 $1 {[%c_effect c3;square;c3;type;GreatFind;persistent;true] Defending the pawn and preparing Qe5 or Qb4 in some variations.} 25...Rd8 26.a3 ( 26.Qe5 $1 {[%c_effect e5;square;e5;type;GreatFind;persistent;true] is more accurate.} 26...d6 27.Qe3 Nxf6 28.Rc7 Qb8 29.Ng5 {with a winning attack.} ) 26...Qb8 27.g3 {Wojtaszek calmly reinforces his position.} 27...g5 $6 ( 27...Qd6 {is better.} ) 28.Re1 g4 29.Nd4 {The knight is ready to go to f5.} 29...Rg5 ( 29...Rg6 {also loses after:} 30.Bd3 Rxf6 31.Nf5 {with the idea of 32.Qb4 or even 32.Ng7+.} ) 30.Bd3 $1 ( 30.h4 $5 {[%c_effect h4;square;h4;type;Interesting;persistent;true] While watching the game live, I thought about this exotic move but dismissed it due to} 30...gxh3 31.Bxh3 Nxg3 {and I thought the line is bad for White. Actually, there's a nice refutation:} 32.fxg3 Rxg3+ 33.Rg2 $1 Rxc3 34.Rg8# ) 30...Re5 31.Nf5 $6 {[%c_effect f5;square;f5;type;Inaccuracy;persistent;true] The natural follow-up to the previous move, but this gives Black some chances.} ( 31.Rce2 $1 {[%c_effect e2;square;e2;type;GreatFind;persistent;true] is better:} 31...Rxe2 32.Rxe2 {With a winning position. The king is stuck in the center, the g4-pawn is weak, and the h5-knight is out of play.} ) 31...Rxe1+ $6 ( 31...d4 $1 {[%c_effect d4;square;d4;type;GreatFind;persistent;true] is the only move to give some hope.} 32.Qb4 ( 32.Nxd4 $2 {[%c_effect d4;square;d4;type;Mistake;persistent;true] loses to} 32...Nxd4 ) 32...Rxe1+ 33.Qxe1 Nxf6 ) 32.Qxe1 Nxf6 33.Qb4 $1 {[%c_effect b4;square;b4;type;GreatFind;persistent;true] There's no hope for Black now.} 33...d6 34.Qc3 Nd7 ( 34...d4 35.Nxd4 {offers no relief.} ) 35.Qh8+ Ndf8 36.Qf6 Ng6 37.Re2 Qc7 38.Ng7+ {A powerful display by Wojtaszek, a player with a classical positional style that I enjoy very much.} 1-0

[Event "Grand Chess Tour: Superbet Poland Rapid & Blitz 2023"]
[Site "Chess.com"]
[Date "2023.05.22"]
[Round "5"]
[White "Duda, Jan Krzysztof"]
[Black "Wojtaszek, Radoslaw"]
[Result "1-0"]
[WhiteElo "2724"]
[BlackElo "2670"]
[ECO "E48"]
[EventDate "2023.??.??"]
[Annotator "rafael"]
[PlyCount "83"]
[Beauty "7564532151843"]
[EventType "blitz"]
[TimeControl "1500+10"]

1.d4 Nf6 2.c4 e6 3.Nc3 Bb4 4.e3 O-O 5.Bd3 d5 6.cxd5 exd5 7.a3 Bd6 8.Qc2 Na6 {The move that led to a spectacular win for Radjabov against Ding in last year's Candidates Tournament.} ( 8...c6 {This was played by Anand in the 2022 edition of this same tournament. You can never be wrong following the footsteps of such a legend.} 9.Nge2 Nbd7 10.Bd2 Re8 11.f3 Nf8 12.O-O-O b5 $1 13.e4 b4 14.axb4 Bxb4 {with a good position for Black in So-Anand, Warsaw Superbet (rapid) 2022.} ) ( 8...b6 {was played last year in a game between two future world championship contenders.} 9.b4 c5 10.bxc5 bxc5 11.dxc5 Bxc5 12.Nf3 Re8 13.O-O Bg4 14.Rd1 {with an advantage for White in Gukesh-Praggnanandhaa, Reykjavik 2022.} ) 9.Nf3 ( 9.Nge2 {This was Ding's choice.} 9...c5 10.Bxa6 bxa6 11.dxc5 Bxc5 12.b4 Bd6 13.Bb2 a5 {with a good position for Black in Ding-Radjabov, Candidates Tournament Madrid 2022.} ) 9...Re8 {A new move.} ( 9...c5 10.O-O c4 11.Be2 {This is one of the nuances of developing the knight to f3, as the e2-square becomes available.} 11...Nc7 12.a4 {with the idea of breaking the pawn chain with b2-b3 and fighting for the advantage. Rakhmanov-Remizov, Obninsk 2022.} ) 10.b4 c6 11.Ne5 {An interesting move for a rapid game, but it doesn't hold up against a thorough analysis.} ( 11.b5 {is the most natural attempt and should be preferred.} 11...cxb5 ( 11...Nb8 {This is the computer's favorite move, but it doesn't make a good impression on a human.} ) 12.Nxb5 Ne4 13.Nxd6 Qxd6 14.O-O {with a slight advantage for White due to the better pawn structure.} ) 11...Bxe5 ( 11...c5 $1 {[%c_effect c5;square;c5;type;GreatFind;persistent;true] This is the most accurate and it refutes White's last move.} 12.Bxa6 ( 12.bxc5 Nxc5 {with counterplay.} ) 12...cxd4 $1 {[%c_effect d4;square;d4;type;GreatFind;persistent;true] with a good position for Black.} ) 12.dxe5 Rxe5 13.Bb2 Bg4 $6 {[%c_effect g4;square;g4;type;Inaccuracy;persistent;true] White gets an advantage after this move. With 13...Re8 or 13...Nc7, White has enough compensation for the pawn, but not more.} ( 13...Re8 ) ( 13...Nc7 ) 14.h3 ( 14.Ne2 {is also possible.} ) 14...Bh5 $6 ( 14...Bd7 {It's better to go back and keep the c6-pawn protected.} ) 15.Ne2 Re8 16.Bxa6 $1 bxa6 17.Nf4 {White has excellent play with a better pawn structure and active pieces.} 17...Bg6 $6 {[%c_effect g6;square;g6;type;Inaccuracy;persistent;true] The sacrifice of the c6-pawn is based on a miscalculation.} ( 17...Rc8 {is necessary.} ) 18.Qxc6 $1 d4 19.Rd1 Rc8 20.Qxa6 Qc7 {The position remains sharp, but White is winning with a few precise moves.} 21.Rxd4 $6 ( 21.Bxd4 $1 {[%c_effect d4;square;d4;type;GreatFind;persistent;true] is better:} 21...Qxf4 22.Qxc8 $1 {[%c_effect c8;square;c8;type;GreatFind;persistent;true] This is the point: a well-known tactical motif.} 22...Qe4 ( 22...Rxc8 23.exf4 ) 23.Qc7 Qxg2 24.Qh2 Qf3 25.O-O {Black doesn't have enough to show for the material deficit.} ) 21...Qc2 22.Qe2 Ne4 23.Rd1 Qb3 $6 ( 23...Bh5 $3 {[%c_effect h5;square;h5;type;Brilliant;persistent;true] This is the only chance, but I guess this is already too difficult for a rapid game.} 24.f3 ( 24.Nxh5 Qxe2+ {This is the idea: the knight can't capture Black's queen.} 25.Kxe2 Rc2+ {with counterplay.} ) ( 24.g4 Bg6 25.Bd4 Ng5 $1 {[%c_effect g5;square;g5;type;GreatFind;persistent;true] With compensation due to the weaknesses created by the g2-g4 advance.} ) 24...Bxf3 $1 ( 24...Ng3 25.Qxc2 Rxc2 26.Rd2 Rxd2 27.Kxd2 Nxh1 28.Nxh5 {White is winning here. In the main line, Black achieves a much better version of this endgame.} ) 25.gxf3 ( 25.Qxf3 {is also possible:} 25...Qxb2 26.O-O {with an advantage for White, but not a winning one.} ) 25...Ng3 26.Qxc2 Rxc2 27.Rd2 Rxd2 28.Kxd2 Nxh1 {This still looks very dangerous for Black, to be honest, but he is an exchange up, and the knight can attack some pawns. The computer doesn't claim a winning advantage for White.} ) 24.O-O $1 Rc2 25.Qb5 $1 {[%c_effect b5;square;b5;type;GreatFind;persistent;true] Attacking the rook on e8.} 25...Rf8 26.Bd4 Rxf2 27.Rxf2 Qxd1+ ( 27...Nxf2 28.Rf1 {is easily winning.} ) 28.Rf1 Qc2 {White is winning, but this is a rapid game, and the adventure is not over.} 29.Nxg6 ( 29.Bxa7 {This cold-blooded capture is good enough.} ) 29...hxg6 30.Qe5 f6 31.Qd5+ Kh7 32.Kh2 g5 33.Qd7 ( 33.Bxa7 {Again, it's possible to capture this pawn:} 33...Qc7+ 34.Kg1 Ng3 35.Qc5 $1 {[%c_effect c5;square;c5;type;GreatFind;persistent;true] White should win.} ) 33...Kh6 {Both players had only a few seconds left. It's almost unfair to criticize the moves in such conditions, but I will point out where they objectively could have played better.} 34.Rf5 Rc8 ( 34...Kg6 $1 ) 35.Rc5 $6 ( 35.Bc5 $1 {[%c_effect c5;square;c5;type;GreatFind;persistent;true] is better.} ) 35...Rxc5 36.bxc5 Qf2 $1 {[%c_effect f2;square;f2;type;GreatFind;persistent;true] Queen and knight are always dangerous when they are attacking a lonely king together.} 37.Qg4 Nd2 $1 38.h4 gxh4 $2 {[%c_effect h4;square;h4;type;Mistake;persistent;true] The final mistake.} ( 38...Nf1+ {leads to a draw.} 39.Kh3 ( 39.Kh1 Ng3+ 40.Kh2 Nf1+ {is a perpetual check.} ) 39...Qg1 $1 40.hxg5+ fxg5 41.Bxg7+ $1 {[%c_effect g7;square;g7;type;GreatFind;persistent;true] Otherwise, White gets mated.} 41...Kg6 42.Qe6+ Kxg7 43.Qe7+ {with another perpetual check.} ) 39.Qf4+ $1 {[%c_effect f4;square;f4;type;GreatFind;persistent;true] The queens are exchanged, and it's all over.} 39...Qxf4+ 40.exf4 Ne4 41.c6 a6 ( 41...Nd6 42.Bxa7 ) 42.Bc5 $1 {[%c_effect c5;square;c5;type;GreatFind;persistent;true] A nice final move. The c-pawn is unstoppable.} ( 42.Be5 $5 {[%c_effect e5;square;e5;type;Interesting;persistent;true] It's funny to note that this is an alternative and equally pretty solution.} 42...fxe5 43.fxe5 {The knight can't stop the pawn.} ) ( 42.Bc5 Nxc5 43.c7 ) 1-0

[Event "Grand Chess Tour: Superbet Poland Rapid & Blitz 2023"]
[Site "Chess.com"]
[Date "2023.05.23"]
[Round "9"]
[White "Vachier Lagrave, Maxime"]
[Black "Shevchenko, Kirill"]
[Result "1-0"]
[WhiteElo "2742"]
[BlackElo "2684"]
[ECO "B76"]
[EventDate "2023.??.??"]
[Annotator "rafael"]
[PlyCount "81"]
[Beauty "7633230642191"]
[EventType "blitz"]
[TimeControl "1500+10"]

1.e4 c5 2.Nf3 d6 3.d4 cxd4 4.Nxd4 Nf6 5.Nc3 g6 {The Dragon is a rare guest at elite tournaments, but it's always fun to see it in action.} 6.Be3 Bg7 7.f3 O-O 8.Qd2 Nc6 9.O-O-O {Nowadays, this is the main line, surpassing 9.Bc4 in popularity.} 9...d5 10.exd5 Nxd5 11.Nxc6 bxc6 12.Bd4 e5 13.Bc5 Be6 14.Ne4 {All this is standard opening theory.} ( 14.Bxf8 {I remember that when I studied the Dragon as a child, it surprised me that nobody grabbed this exchange. The fact is that White's king can't have a good night's sleep with the g7-bishop looking at it. I suggest the reader study the famous Panov-Simagin game, played in Moscow in 1943, to understand how deadly the attack can be after the exchange sacrifice in similar positions.} 14...Qxf8 ) 14...Re8 15.Bc4 ( 15.h4 {is the main move.} ) 15...Qc7 16.Bb3 {The bishop is well placed on b3, protecting the king from the dangers on the b-file.} 16...Red8 17.Qf2 Nf4 18.Kb1 {The first new move. Playing Kb1 at the right moment is essential in the Sicilian.} ( 18.Bxe6 $6 Nxe6 19.Be3 f5 {Black had a good position in Waffenschmidt-Weishaeutel, Wiesbaden 2022.} ) 18...Bxb3 19.axb3 h6 {This is a good prophylactic move, giving the king some air. Of course, it's not forced, and Black has playable alternatives.} ( 19...Ne6 20.Bd6 Qb6 21.Qh4 {with some initiative for White.} ) ( 19...f5 20.Nd6 {with a complicated game.} ) 20.g4 $5 {[%c_effect g4;square;g4;type;Interesting;persistent;true] A difficult move to play as a reply. Although it looks strange to play g4 when the opponent has a knight on f4, it turns out that avoiding the f7-f5 advance is more important.} 20...Ne6 21.Be3 {Black achieves equality after this move.} ( 21.Bd6 {is more dangerous, although it's not clear whether White can get an advantage after} 21...Qb6 22.Qg3 Qa5 23.Rd2 Rd7 24.Rhd1 Rad8 ) 21...a5 {Preparing the break on a4, leaving the white king in danger.} 22.Rxd8+ Qxd8 23.Nc3 Nd4 24.f4 exf4 {A good practical decision.} ( 24...a4 $5 {[%c_effect a4;square;a4;type;Interesting;persistent;true] is a computer suggestion, and it's very interesting, but it's probably not a good decision to go for it when you have a solid alternative.} 25.fxe5 ( 25.b4 $2 a3 {with a strong attack.} ) ( 25.bxa4 Qa5 26.fxe5 Nb5 $1 {[%c_effect b5;square;b5;type;GreatFind;persistent;true] This is the idea. Black gets good counterplay.} ) 25...axb3 $1 26.Bxd4 Qa5 27.Kc1 c5 $1 28.Bxc5 Rc8 {with a wild position.} ) 25.Qxf4 c5 {The knight is firmly placed at d4.} 26.Rd1 Qe7 27.Nd5 Qb7 $6 {[%c_effect b7;square;b7;type;Inaccuracy;persistent;true] This is a mistake that lands Black in trouble.} ( 27...Qd8 $1 {[%c_effect d8;square;d8;type;GreatFind;persistent;true] is better, with a likely move repetition after} 28.Nc3 Qe7 ) 28.Nf6+ Kh8 29.Bxd4 cxd4 30.g5 $1 {[%c_effect g5;square;g5;type;GreatFind;persistent;true] Maybe this move was missed by Shevchenko.} ( 30.Rxd4 {is much worse:} 30...Qh1+ $1 31.Ka2 Qc6 {Attacking the knight and the c2-pawn.} ) 30...Qc6 $2 ( 30...hxg5 $2 {[%c_effect g5;square;g5;type;Mistake;persistent;true] is also bad:} 31.Qxg5 Bxf6 32.Qxf6+ Kg8 33.Rxd4 {with a winning advantage.} ) ( 30...Qa6 $1 {[%c_effect a6;square;a6;type;GreatFind;persistent;true] is better, as the queen now supports the advance of the a-pawn.} 31.Rd3 ( 31.h4 a4 $1 32.b4 a3 {with counterplay.} ) 31...Qe6 $1 {[%c_effect e6;square;e6;type;GreatFind;persistent;true] The queen is ready to go to e1, and Black has a good chance of surviving.} ) 31.h4 {Now the d4-pawn is doomed, and the position is nearly lost.} 31...a4 32.b4 Rc8 ( 32...a3 {is not dangerous anymore.} 33.bxa3 ) 33.Qf2 Qb5 $2 34.Qxd4 {Now White is totally winning and Vachier-Lagrave has no problem converting the advantage.} 34...Qc6 35.c3 Qf3 36.Qd3 Qc6 37.Qd8+ Bf8 38.Qd5 Qc7 39.Qd7 Qc4 40.Rd4 Qf1+ 41.Ka2 1-0